 Dungeon Crawl Stone Soup version 0.29.1-12-g30fa7ad0bf (webtiles) character file.

Game seed: 11194603387925277613

72 croobank the Firebug (level 3, -6/27 HPs)
             Began as a Demigod Fire Elementalist on Dec 22, 2022.
             Mangled by Terence
             ... wielding a +0 flail
              (7 damage)
             ... on level 2 of the Dungeon.
             The game lasted 00:03:26 (1846 turns).

croobank the Firebug (Demigod Fire Elementalist)    Turns: 1846, Time: 00:03:27

Health: -6/27      AC:  2    Str:  9    XL:     3   Next: 82%
Magic:  0/8        EV: 12    Int: 21    God:
Gold:   101        SH:  0    Dex: 14    Spells: 0/6 levels left

rFire   . . .      SeeInvis .   j - +0 dagger (speed)
rCold   . . .      Faith    .   (no shield)
rNeg    . . .      Spirit   .   a - +0 robe
rPois   .          Reflect  .   (no helmet)
rElec   .          Harm     .   (no cloak)
rCorr   .          Rampage  .   (no gloves)
Will    .....                   (no boots)
Stlth   ++........              (no amulet)
HPRegen 0.09/turn               (no ring)
MPRegen 0.11/turn               (no ring)

@: no status effects
A: high MP 1, forlorn, divine attributes
a: no special abilities


You were on level 2 of the Dungeon.
You visited 1 branch of the dungeon, and saw 2 of its levels.

You collected 101 gold pieces.

Inventory:

Hand Weapons
 g - a +0 short sword
 i - a +0 hand axe
 j - a +0 dagger of speed (weapon)
Missiles
 h - 7 stones
Armour
 a - a +0 robe (worn)
Scrolls
 c - a scroll of identify {unknown}
 k - a scroll of teleportation {unknown}
Potions
 b - a potion of magic
 d - a potion of haste {unknown}
 e - a potion of might {unknown}
 f - a potion of attraction {unknown}


   Skills:
 + Level 0.8 Fighting
 + Level 2.2 Dodging
 + Level 2.3 Stealth
 + Level 2.2 Spellcasting
 + Level 1.6 Conjurations
 + Level 3.1 Fire Magic


You couldn't memorise any spells.
You knew the following spells:

 Your Spells              Type           Power      Damage    Failure   Level
a - Foxfire               Conj/Fire      48%        2x1d6     5%          1
b - Scorch                Fire           30%        2d7       6%          2
c - Inner Flame           Hex/Fire       8%         N/A       22%         3

Your spell library contained the following spells:

 Spells                   Type           Power      Damage    Failure   Level
 Conjure Flame            Conj/Fire      12%        6-21      16%         3
 Flame Wave               Conj/Fire      12%        2d6       47%         4


Dungeon Overview and Level Annotations

Branches:
Dungeon (2/15)

Shops:
D:1 =([

Annotations:
D:2 Natasha, Terence


Innate Abilities, Weirdness & Mutations

You have an increased reservoir of magic. (+10% MP)
You shall have no god before yourself.
Your divine heritage dramatically boosts your attributes as you level up.


Message History

Casting: Inner Flame (extremely dangerous; 22% risk of failure)
Confirm with . or Enter, or press ? or * to list all spells.
You conjure some foxfire!
The foxfire hits Terence but does no damage.
The foxfire hits Terence.
Terence completely resists.
Casting: Foxfire (safe; 5% risk of failure)
Confirm with . or Enter, or press ? or * to list all spells.
You miscast Foxfire.
You are very lightly contaminated with residual magic.
Nothing appears to happen.
Casting: Foxfire (safe; 5% risk of failure)
Confirm with . or Enter, or press ? or * to list all spells.
Flames lash Terence.
Terence resists.
Flame seeps out of Terence.
Terence is moderately wounded.
Terence's fire resistance burns away.
Terence is engulfed in blazing flames.
Flame seeps out of Terence.
Terence is no longer more vulnerable to fire.
Terence attacks as you move away! Terence hits you with a +0 flail.
Found 9 gold pieces.
Your magical contamination has completely faded away.
Natasha, Servant of Life and Death comes into view.
Found 10 gold pieces.
Natasha hisses angrily.
Natasha mumbles some strange words.
Terence attacks as you move away! Terence hits you with a +0 flail!
Natasha claws you!
* * * LOW HITPOINT WARNING * * *
The shadow imp hits you.
* * * LOW HITPOINT WARNING * * *
Casting: Scorch (safe; 6% risk of failure)
Confirm with . or Enter, or press ? or * to list all spells.
You don't know that spell.
Casting: Scorch (safe; 6% risk of failure)
Confirm with . or Enter, or press ? or * to list all spells.
Flames lash Natasha.
Natasha is lightly wounded.
Natasha's fire resistance burns away.
Natasha claws you.
* * * LOW HITPOINT WARNING * * *
Terence hits you with a +0 flail!
You die...

#.#####..#
.........######....#
#..................#
...................# #
####.##########....#.#
............ ..... .#
####.##########.$.##.##
.............$..5h....#
##..######## #.@....#
...)....# #.@..#.#
..#####.# ####....#
#.#####.# ........#
#.......# #####...#
#.......# #...#
........# #...#
#.#####.# ######...#
#.#######.#........#


You could see Terence (inner flame), Natasha (combustible) and a shadow imp
(summoned).

Vanquished Creatures
  A jelly (D:2)
  2 adders (D:2)
  2 dart slugs
  2 endoplasms (D:2)
  2 goblins (D:2)
  3 hobgoblins
  2 jackals (D:1)
  3 ball pythons
  2 frilled lizards (D:1)
  A kobold (D:1)
  A rat (D:2)
21 creatures vanquished.

Vanquished Creatures (others)
  54 foxfires
54 creatures vanquished.

Grand Total: 75 creatures vanquished

Notes
Turn   | Place    | Note
-------+----------+-------------------------------------------
     0 | D:1      | croobank the Demigod Fire Elementalist began the quest for
                  | the Orb.
     0 | D:1      | Reached XP level 1. HP: 14/14 MP: 5/5
    46 | D:1      | Found Piecwat's Armour Shop.
   125 | D:1      | Found Qeih's Jewellery Boutique.
   235 | D:1      | Reached skill level 1 in Conjurations
   273 | D:1      | Found Uhitwiy's Antique Weapon Shoppe.
   671 | D:1      | Reached XP level 2. HP: 20/20 MP: 4/7
   674 | D:1      | Learned a level 2 spell: Scorch
  1376 | D:2      | Reached skill level 3 in Fire Magic
  1376 | D:2      | Reached XP level 3. HP: 27/27 MP: 4/8
  1380 | D:2      | Learned a level 3 spell: Inner Flame
  1718 | D:2      | Noticed Terence
  1841 | D:2      | Noticed Natasha
  1846 | D:2      | HP: 1/27 [Natasha (4)]
  1846 | D:2      | Mangled by Terence

Illustrated notes

Levels and vault maps discovered:
D:1:      lightli_iron_boxes, layout_basic,
          shapermc_ecumenical_altar_notcrosses, serial_shops, shop, shop,
          nicolae_square_shop, amethyst_killhole, minmay_misc_feat_x
D:2:      layout_basic, uniq_sigmund, uniq_terence, uniq_crazy_yiuf_cottage,
          uniq_natasha

Skill      XL: |  1  2 |
---------------+-------+-----
Conjurations   | 1 |  1.6
Stealth        | 2 |  2.3
Dodging        | 2 |  2.2
Spellcasting   | 2 |  2.2
Fire Magic     | 3 |  3.1
Fighting       | |  0.8

Action                   || total
-------------------------++-------
Melee: Unarmed           ||     3
       Short sword       ||     1
 Cast: Foxfire           ||    34
       Scorch            ||     9
       Inner Flame       ||     1
Armor: Robe              ||     1
Dodge: Dodged            ||     8
